 Dungeon Crawl Stone Soup version 0.29.1-2-gbd0b4ee654 (webtiles) character file.

Game seed: 7306063549936930215

14499 BlackCrag the Thaumaturge (level 11, 0/55 HPs)
             Began as a Deep Elf Air Elementalist on Oct 28, 2022.
             Was a Priest of Sif Muna.
             Slain by a hell rat (10 damage)
             ... on level 11 of the Dungeon on Oct 29, 2022.
             The game lasted 01:33:10 (17976 turns).

BlackCrag the Thaumaturge (DEAE)                   Turns: 17976, Time: 01:33:11

Health: 0/55       AC: 10    Str: 11    XL:     11   Next: 89%
Magic:  29/31      EV: 13    Int: 25    God:    Sif Muna [***...]
Gold:   89         SH:  0    Dex: 15    Spells: 7/39 levels left

rFire   . . .      SeeInvis .   G - +3 dagger (protect)
rCold   . . .      Faith    .   (no shield)
rNeg    . . .      Spirit   .   a - +0 robe
rPois   .          Reflect  .   (no helmet)
rElec   .          Harm     .   m - +0 cloak
rCorr   .          Rampage  .   (no gloves)
Will    +....                   l - +2 pair of boots
Stlth   +++.......              (no amulet)
HPRegen 0.18/turn               x - +6 ring of strength
MPRegen 0.22/turn               B - +4 ring of protection

@: no status effects
A: no striking features
a: Renounce Religion, Channel Magic, Forget Spell


You were on level 11 of the Dungeon.
You worshipped Sif Muna.
Sif Muna was most pleased with you.
You visited 4 branches of the dungeon, and saw 15 of its levels.

You collected 793 gold pieces.
You spent 704 gold pieces at shops.

Inventory:

Hand Weapons
 G - a +3 dagger of protection (weapon)
Armour
 a - a +0 robe (worn)
 l - a +2 pair of boots (worn)
 m - a +0 cloak (worn)
Magical Staves
 f - a staff of fire
 r - a staff of poison
Jewellery
 x - a +6 ring of strength (left hand)
 y - a ring of fire
 B - a +4 ring of protection (right hand)
Wands
 e - a wand of charming (21)
 j - a wand of roots (5)
 A - a wand of light (6)
 D - a wand of flame (14)
Scrolls
 g - 2 scrolls of amnesia
 h - 2 scrolls of fear
 i - 2 scrolls of butterflies
 k - 5 scrolls of teleportation
 p - 2 scrolls of enchant weapon
 w - 2 scrolls of blinking
 E - a scroll of poison
Potions
 b - 4 potions of magic
 c - a potion of flight
 d - 3 potions of might
 n - 4 potions of resistance
 q - 2 potions of haste
 s - a potion of brilliance {unknown}
 t - 2 potions of attraction {unknown}
 v - 7 potions of curing
 z - 3 potions of cancellation


   Skills:
 + Level 0.6 Fighting
 + Level 3.3 Dodging
 + Level 4.1 Stealth
 + Level 14.6 Spellcasting
 + Level 7.0 Conjurations
 + Level 0.1 Translocations
 + Level 13.8 Air Magic
 * Level 4.3 Earth Magic


You had 7 spell levels left.
You knew the following spells:

 Your Spells              Type           Power      Damage    Failure   Level
a - Shock                 Conj/Air       100%       1d9       1%          1
b - Static Discharge      Conj/Air       63%        3-11/arc  1%          2
c - Swiftness             Air            72%        N/A       1%          3
d - Airstrike             Air            36%        2d(6-22)  1%          4
e - Stone Arrow           Conj/Erth      92%        3d12      1%          3
f - Teleport Other        Tloc           19%        N/A       9%          3
g - Mephitic Cloud        Conj/Pois/Air  52%        N/A       1%          3
h - Leda's Liquefaction   Hex/Erth       14%        N/A       12%         4
i - Summon Lightning Spi  Summ/Air       52%        N/A       1%          4
j - Lightning Bolt        Conj/Air       31%        1d48      1%          5

Your spell library contained the following spells:

 Spells                   Type           Power      Damage    Failure   Level
 Sandblast                Erth           80%        2d17      1%          1
 Passwall                 Tmut/Erth      24%        N/A       1%          2
 Conjure Flame            Conj/Fire      35%        6-21      2%          3
 Freezing Cloud           Conj/Ice/Air   26%        6-21      4%          5
 Sticky Flame             Conj/Fire      35%        2d5       8%          4
 Gell's Gravitas          Tloc           19%        N/A       9%          3
 Ignite Poison            Fire/Tmut/Pois 18%        N/A       10%         3
 Lee's Rapid Deconstruct  Erth           20%        3d13*     14%         5
 Statue Form              Tmut/Erth      19%        N/A       88%         6
 Dispersal                Tloc           9%         N/A       99%         6


Dungeon Overview and Level Annotations

Branches:
Dungeon (12/15)            Temple (1/1) D:4            Lair (1/5) D:11
    Orc (1/2) D:11

Altars:
Ashenzari
Cheibriados
Dithmenos
Elyvilon
Fedhas
Gozag
Hepliaklqana
Kikubaaqudgha
Makhleb
Nemelex Xobeh
Okawaru
Qazlal
Ru
Sif Muna
Trog
Uskayaw
Vehumet
Wu Jian
Xom
Yredelemnul
Zin
The Shining One

Shops:
D:5 !   D:7 (   D:12 :


Message History

You climb upwards.
Welcome back to the Dungeon!
There is a staircase to the Lair here.
Casting: Stone Arrow (safe; 1% risk of failure)
Confirm with . or Enter, or press ? or * to list all spells.
The yak is struck by an arc of lightning!
The yak is moderately wounded.
The yak is struck by an arc of lightning.
The yak is lightly wounded.
The yak is struck by an arc of lightning!
The yak is severely wounded.
The yak is struck by an arc of lightning!
The yak is moderately wounded.
The yak is struck by an arc of lightning.
The yak is severely wounded.
The yak is struck by an arc of lightning.
The yak is heavily wounded.
The lightning grounds out.
The hell rat is struck by an arc of lightning.
The hell rat is lightly wounded.
The hell rat is struck by an arc of lightning.
The hell rat is heavily wounded.
The yak is struck by an arc of lightning!
The yak is severely wounded.
The yak is struck by an arc of lightning!
The yak is almost dead.
You are struck by an arc of lightning.
The lightning grounds out.
The hell rat is struck by an arc of lightning!
You kill the hell rat!
Sif Muna accepts your kill.
The yak is struck by an arc of lightning.
The yak is almost dead.
You are struck by an arc of lightning.
The yak is struck by an arc of lightning.
The yak is almost dead.
The lightning grounds out.
The yak gores you. The yak gores you!
* * * LOW HITPOINT WARNING * * *
The yak gores you.
* * * LOW HITPOINT WARNING * * *
The hell rat barely misses you. The hell rat bites you!
You die...

.#..........P.....P..............
.#............PPP................
.#........P..P.P...P.P.....######
.#.............P...P...##..#
.#.........P...........##..#
.#........PP............#..#
.#......P...P...........#..#
.#####'#P......Y....PP..#..#
.........PP....r@Y......#..# #
...#####P...PP.r.Y....P.#..######
...'...#...P..^..................
...#...#....P...P..P.P...........
...#...#....PP...P..P............
...##+##....P......P.............
..................P....<.........
...............[P...P............
##########.........P.............


You could see 3 yaks and 2 hell rats.

Vanquished Creatures
  A hydra (D:12)
  2 two-headed ogres
  A deep elf pyromancer (D:12)
  Pikel (D:5)
  A cyclops (D:12)
  4 gargoyles
  A kobold demonologist (D:11)
  An unseen horror (D:11)
  2 komodo dragons
  2 hornets
  3 trolls
  Grinder (D:6)
  Sigmund (D:5)
  3 wraiths
  9 yaks
  2 wyverns
  A steam dragon (D:6)
  Menkaure (D:7)
  A warg (D:11)
  2 vampire mosquitoes (D:12)
  3 acid dragons
  Duvessa (D:5)
  2 water moccasins
  8 orc warriors
  A sky beast (D:6)
  2 black bears
  4 ogres
  2 centaurs
  A phantom (D:7)
  4 kobold brigands
  3 bullfrogs (D:11)
  3 scorpions
  5 wights (D:7)
  Dowan (D:5)
  17 killer bees
  5 howler monkeys
  2 jellies
  Crazy Yiuf (D:3)
  8 orc priests
  4 hounds
  4 iguanas
  15 orc wizards
  A hell rat (D:11)
  7 gnolls
  5 adders
  A white imp (D:5)
  An ufetubus (D:4)
  2 worms (D:2)
  6 dart slugs
  36 orcs
  6 endoplasms
  A giant cockroach (D:2)
  4 goblins
  4 hobgoblins
  2 quokkas (D:3)
  9 ball pythons
  4 bats
  3 frilled lizards
  20 kobolds
  3 rats
251 creatures vanquished.

Vanquished Creatures (others)
  34 fungi (D:11)
  56 plants
90 creatures vanquished.

Grand Total: 341 creatures vanquished

Notes
Turn   | Place    | Note
-------+----------+-------------------------------------------
     0 | D:1      | BlackCrag the Deep Elf Air Elementalist began the quest for
                  | the Orb.
     0 | D:1      | Reached XP level 1. HP: 10/10 MP: 6/6
   270 | D:1      | Reached XP level 2. HP: 15/15 MP: 6/8
   327 | D:1      | Learned a level 2 spell: Static Discharge
  1196 | D:2      | Reached XP level 3. HP: 11/19 MP: 2/9
  1329 | D:2      | Learned a level 3 spell: Swiftness
  1341 | D:2      | Found a shadowy altar of Dithmenos.
  1557 | D:2      | Found a faded altar of an unknown god.
  2556 | D:3      | Reached XP level 4. HP: 23/24 MP: 6/11
  2732 | D:3      | Learned a level 4 spell: Airstrike
  3240 | D:3      | Reached XP level 5. HP: 28/28 MP: 10/12
  3388 | D:3      | Found a runed translucent door.
  3389 | D:3      | Noticed Crazy Yiuf
  3395 | D:3      | Killed Crazy Yiuf
  3396 | D:3      | Reached skill level 5 in Air Magic
  3694 | D:4      | Found a staircase to the Ecumenical Temple.
  3701 | Temple   | Entered the Ecumenical Temple
  3841 | Temple   | Became a worshipper of Sif Muna the Loreminder
  3867 | D:4      | Noticed an ogre
  3870 | D:4      | Killed an ogre
  3871 | D:4      | Reached skill level 4 in Spellcasting
  4320 | D:4      | Reached XP level 6. HP: 18/32 MP: 5/15
  4544 | D:4      | Reached skill level 5 in Spellcasting
  5020 | D:4      | Found a stormy altar of Qazlal.
  5415 | D:5      | Entered Level 5 of the Dungeon
  5415 | D:5      | Noticed Pikel
  5415 | D:5      | Found Ziahye's Distillery.
  5465 | D:5      | Noticed Sigmund
  5645 | D:5      | Killed Pikel
  5646 | D:5      | Reached skill level 6 in Spellcasting
  5646 | D:5      | Reached XP level 7. HP: 36/36 MP: 7/18
  5747 | D:5      | Noticed Dowan
  5749 | D:5      | Killed Dowan
  5768 | D:5      | Noticed Duvessa
  5773 | D:5      | Killed Duvessa
  5774 | D:5      | Reached XP level 8. HP: 30/41 MP: 4/19
  5880 | D:5      | Identified the +7 chain mail of Paranoia {rF+ Slay+2}
  5898 | D:5      | Bought a potion of curing for 42 gold pieces
  5898 | D:5      | Bought a potion of heal wounds for 70 gold pieces
  5898 | D:5      | Bought a potion of magic for 112 gold pieces
  6656 | D:5      | Reached skill level 7 in Spellcasting
  6914 | D:5      | Killed Sigmund
  7364 | D:6      | Noticed Grinder
  7369 | D:6      | Killed Grinder
  7370 | D:6      | Reached skill level 8 in Spellcasting
  7504 | D:6      | Reached * piety under Sif Muna
  7685 | D:6      | Reached XP level 9. HP: 45/45 MP: 14/23
  7839 | D:6      | Reached skill level 5 in Conjurations
  8307 | D:6      | Learned a level 3 spell: Stone Arrow
  8685 | D:7      | Reached skill level 9 in Spellcasting
  8796 | D:7      | Reached skill level 10 in Air Magic
  8954 | D:7      | Found a snail-covered altar of Cheibriados.
  9313 | D:7      | Noticed Menkaure
  9316 | D:7      | Killed Menkaure
  9396 | D:7      | Found Woanuot's Weapon Shop.
  9640 | D:8      | Reached skill level 10 in Spellcasting
 10403 | D:8      | Reached XP level 10. HP: 50/50 MP: 21/26
 10468 | D:8      | Learned a level 3 spell: Teleport Other
 10576 | D:8      | Reached ** piety under Sif Muna
 10981 | D:9      | Learned a level 3 spell: Mephitic Cloud
 11097 | D:9      | Noticed a two-headed ogre
 11109 | D:9      | Killed a two-headed ogre
 11110 | D:9      | Reached skill level 11 in Spellcasting
 11508 | D:9      | Found a radiant altar of Vehumet.
 11555 | D:9      | Found a hazy altar of Hepliaklqana.
 12260 | D:10     | Entered Level 10 of the Dungeon
 12329 | D:10     | Noticed a gargoyle
 12331 | D:10     | Killed a gargoyle
 12611 | D:10     | Reached skill level 12 in Spellcasting
 13057 | D:10     | Reached XP level 11. HP: 41/55 MP: 10/29
 13446 | D:11     | Noticed a soul eater
 14068 | D:11     | Found a staircase to the Lair.
 14090 | D:11     | Reached skill level 1 in Earth Magic
 14171 | D:11     | Reached skill level 13 in Spellcasting
 14284 | D:11     | Reached *** piety under Sif Muna
 14534 | D:11     | Found a staircase to the Orcish Mines.
 15204 | Lair:1   | Entered Level 1 of the Lair of Beasts
 15215 | D:11     | Learned a level 4 spell: Leda's Liquefaction
 15609 | D:12     | Noticed a deep elf pyromancer
 15616 | D:12     | Killed a deep elf pyromancer
 15671 | D:12     | Noticed a seven-headed hydra
 15677 | D:12     | Killed a seven-headed hydra
 15930 | D:12     | Noticed a two-headed ogre
 15933 | D:12     | Killed a two-headed ogre
 15938 | D:12     | Reached skill level 14 in Spellcasting
 16892 | D:12     | Found Taetwuxt's Book Boutique.
 17077 | Orc:1    | Entered Level 1 of the Orcish Mines
 17597 | D:12     | Bought a book of Storms for 480 gold pieces
 17605 | D:12     | Learned a level 4 spell: Summon Lightning Spire
 17611 | D:12     | Learned a level 5 spell: Lightning Bolt
 17976 | D:11     | Slain by a hell rat

Illustrated notes

Levels and vault maps discovered:
D:1:      minmay_arrival_arboretum_small, layout_loops_corners
D:2:      layout_basic, shapermc_ecumenical_altar_starsandcircs, basic_altar,
          corexii_leaking_fountain
D:3:      layout_basic, kennysheep_generic_room_7, uniq_crazy_yiuf_cottage
D:4:      layout_basic, nicolae_qazlal_general_emergency, temple_green,
          lexackson_kobold_supper
D:5:      wad_lake_hut, layout_basic, serial_shops, shop, uniq_duvessa,
          uniq_pikel, uniq_sigmund
D:6:      layout_basic, hangedman_decor_points, uniq_grinder
D:7:      layout_basic, kennysheep_slug_shrine, serial_shops, shop_statue,
          uniq_menkaure
D:8:      layout_loops_cross
D:9:      layout_basic, mainiacjoe_overflow_large_starburst,
          chequers_serial_rivers_micro_b
D:10:     layout_roguey
D:11:     layout_irregular_city, due_lair_maze_entry_diamond, orc_0_dummy
D:12:     layout_cave_pods, serial_shops, kennysheep_mini
Temple:   regret_index_temple_mists
Lair:1:   layout_chaotic_city, chequers_serial_rivers_marsh,
          serial_bayou_lagoon_a, grunt_megastairs_3
Orc:1:    layout_caves

Skill      XL: |  1  2  3  4  5  6  7  8  9 10 11 |
---------------+----------------------------------+-----
Air Magic      | 4 5 7 9 11 12 13 | 13.8
Conjurations   | 2 3 4 5 6 7 |  7.0
Stealth        | 3 4 |  4.1
Spellcasting   | 4 6 8 10 12 14 | 14.6
Dodging        | 3 |  3.3
Earth Magic    | 4 |  4.3
Fighting       | |  0.6
Translocations | |  0.1

Action                   |  1- 3 |  4- 6 |  7- 9 | 10-12 || total
-------------------------+-------+-------+-------+-------++-------
Melee: Dagger            |       |     2 |     1 |     2 ||     5
 Cast: Shock             |    68 |    46 |    63 |    79 ||   256
       Static Discharge  |     5 |    11 |    33 |    46 ||    95
       Swiftness         |     1 |     1 |     2 |     8 ||    12
       Airstrike         |       |     7 |    35 |    70 ||   112
       Stone Arrow       |       |       |     5 |    51 ||    56
       Teleport Other    |       |       |       |     2 ||     2
       Mephitic Cloud    |       |       |       |     1 ||     1
Evoke: Wand              |       |       |       |     4 ||     4
  Use: Scroll            |     2 |     1 |     5 |    13 ||    21
       Potion            |       |       |     1 |     3 ||     4
Armor: Robe              |       |       |     4 |     6 ||    10
Dodge: Dodged            |     4 |     7 |    21 |    43 ||    75
